Map: Lightshade LE

Players

HandofDeath - Winner!

  • Race: Zerg Zerg
  • Spawn Location: 5:00

Massa

  • Race: Terran Terran
  • League: Platinum
  • Spawn Location: 11:00

VOD

Have the link to the VOD?

Description

Time

  • Played on: Oct. 22, 2020, 2:54 p.m.
  • Length: 20:42
Show
View Real Time Build Order
Export as new Build Order

HandofDeath Zerg - Winner!

Build Orders: 3 Hatch before Pool 

Get SALT Encoding   

  12  0:09  Overlord  
  12  0:13  Drone  
  13  0:18  Drone  
  14  0:27  Drone  
  15  0:40  Drone  
  16  0:43  Drone  
  17  0:52  Drone  
  18  1:03  Hatchery  
  17  1:18  Hatchery  
  16  1:21  Drone  
  17  1:35  Spawning Pool  
  16  1:40  Overlord  
  16  1:56  Drone  
  16  1:57  Drone  
  18  2:13  Drone x2  
  20  2:16  Drone  
  23  2:24  Queen  
  23  2:26  Zergling x2  
  23  2:29  Zergling x2  
  27  2:32  Spine Crawler  
  26  2:40  Drone x3  
  26  2:41  Queen  
  29  2:54  Drone x3  
  32  3:05  Hatchery, Zergling x2  
  31  3:11  Drone x2  
  33  3:19  Drone x2, Extractor  
  34  3:24  Drone  
  34  3:37  Overlord x2  
  34  3:58  Drone  
  34  3:59  Drone x3  
  38  4:08  Extractor, Drone x2  
  39  4:10  Drone, Queen x2  
  44  4:19  Queen  
  44  4:23  Drone  
  47  4:27  Drone x3  
  50  4:31  Metabolic Boost  
  50  4:40  Overlord x2  
  50  4:42  Drone x2  
  50  4:43  Drone x3  
  55  4:50  Spore Crawler  
  54  4:59  Zergling x4  
  56  5:01  Spore Crawler, Overlord  
  56  5:03  Drone x4  
  59  5:21  Pneumatized Carapace  
  52  5:31  Zergling x4  
  52  5:35  Lair  
  54  5:42  Drone x5  
  59  5:43  Drone x5  
  64  6:09  Drone  
  64  6:10  Drone x4  
  68  6:12  Overlord  
  68  6:13  Extractor  
  67  6:22  Hatchery  
  58  6:45  Evolution Chamber  
  58  6:46  Evolution Chamber  
  53  6:50  Drone x3  
  55  6:54  Overseer  
  55  7:01  Baneling Nest  
  55  7:03  Drone x2  
  55  7:04  Extractor, Drone  
  55  7:06  Drone x4  
  55  7:07  Drone x3  
  63  7:19  Spine Crawler  
  62  7:23  Drone x3  
  62  7:25  Drone x6  
  71  7:34  Drone  
  71  7:35  Drone x2  
  74  7:53  Zergling x6  
  74  7:54  Zergling x8  
  74  7:57  Drone x2  
  74  7:58  Drone x4  
  87  8:06  Zerg Melee Weapons Level 1, Zerg Ground Armor Level 1  
  87  8:07  Centrifical Hooks  
  87  8:09  Zergling x2  
  87  8:10  Zergling x8  
  85  8:38  Zergling x20  
  95  8:57  Extractor, Drone  
  95  8:58  Overlord x2  
  95  8:59  Overlord x2  
  95  9:02  Infestation Pit  
  90  9:31  Drone x3  
  93  9:33  Drone x4  
  93  9:34  Extractor  
  93  9:35  Drone x3  
  94  9:41  Hatchery, Spore Crawler  
  94  9:42  Hatchery, Drone x3  
  94  9:43  Drone x2  
  91  9:54  Queen  
  91  9:55  Queen  
  91  9:58  Drone x5  
  91  9:59  Drone x4  
  106  10:05  Hatchery  
  105  10:08  Zergling x2  
  105  10:09  Zergling x4  
  108  10:17  Hive  
  108  10:18  Queen  
  108  10:19  Zerg Ground Armor Level 2, Zerg Melee Weapons Level 2  
  108  10:23  Drone x5  
  113  10:30  Queen  
  114  10:45  Spore Crawler  
  114  10:48  Drone x5  
  114  10:49  Spore Crawler  
  117  10:51  Drone x3  
  117  10:53  Drone x3  
  117  10:55  Extractor, Drone x3  
  117  10:56  Drone  
  126  11:14  Overseer x2  
  126  11:18  Spire x2  
  119  11:24  Spore Crawler  
  119  11:25  Zergling x30  
  127  11:26  Zergling x10, Spore Crawler  
  127  11:27  Spore Crawler  
  133  11:47  Zergling x8  
  125  11:48  Zergling x12  
  125  11:49  Zergling x4  
  125  11:50  Baneling  
  125  11:51  Baneling x6  
  131  12:03  Zergling x2  
  129  12:14  Adrenal Glands  
  128  12:17  Ultralisk Cavern  
  128  12:21  Zergling x2  
  128  12:22  Zergling x30  
  132  12:23  Hatchery  
  124  12:30  Baneling  
  114  12:37  Zergling x4  
  114  12:38  Zergling x22  
  114  12:42  Baneling x6  
  114  12:43  Baneling x3  
  114  12:44  Baneling x2  
  116  12:55  Zergling x6  
  116  12:56  Zergling x8  
  117  13:04  Zergling x2  
  117  13:05  Zergling x14  
  118  13:10  Hatchery  
  112  13:19  Hatchery  
  105  13:23  Ultralisk x2  
  105  13:24  Zergling x2, Ultralisk x3  
  105  13:26  Chitinous Plating  
  124  13:28  Zerg Melee Weapons Level 3, Zerg Ground Armor Level 3  
  121  13:47  Ultralisk x2  
  127  13:57  Overlord x2  
  127  13:58  Overlord x2  
  126  14:08  Hatchery  
  124  14:13  Overlord x2  
  120  14:28  Greater Spire, Zerg Flyer Weapons Level 1  
  120  14:41  Drone x3  
  120  14:42  Drone, Corruptor x4  
  120  14:45  Drone, Anabolic Synthesis  
  132  14:46  Drone x4  
  132  14:48  Extractor, Drone x2  
  132  14:49  Drone  
  132  14:50  Extractor, Drone x3  
  132  14:51  Spore Crawler  
  132  14:52  Spine Crawler  
  139  14:54  Drone, Spine Crawler  
  139  14:55  Drone x12  
  139  14:56  Overlord  
  139  14:57  Overlord  
  151  15:09  Queen x4  
  159  15:21  Spore Crawler  
  158  15:22  Spine Crawler  
  158  15:23  Overseer  
  157  15:35  Extractor, Drone x3  
  159  15:36  Extractor, Drone  
  159  15:37  Drone x2  
  159  15:38  Infestor, Zergling x8  
  159  15:39  Zergling x10  
  159  15:40  Zergling x4  
  159  15:41  Zergling x8  
  159  15:42  Overlord  
  178  15:47  Extractor  
  177  15:57  Hatchery  
  176  16:14  Drone x2  
  176  16:15  Drone x7  
  176  16:16  Drone x6  
  176  16:17  Drone  
  192  16:29  Brood Lord x2  
  196  16:40  Baneling x10  
  196  16:41  Baneling x6  
  194  17:33  Zerg Flyer Weapons Level 2  
  194  17:34  Zerg Flyer Armor Level 1  
  194  17:36  Pathogen Glands  
  194  18:00  Corruptor x2  
  198  18:07  Overseer x2  
  196  18:14  Zerg Missile Weapons Level 1  
  192  18:20  Hydralisk Den  
  192  18:26  Hatchery  
  189  18:32  Corruptor x3  
  188  18:44  Corruptor  
  188  18:45  Corruptor x5  
  188  18:47  Zergling x2  
  182  19:08  Extractor  
  182  19:09  Corruptor  
  177  19:10  Corruptor x3  
  177  19:11  Viper x2  
  179  19:18  Corruptor x2  
  179  19:19  Corruptor  
  179  19:20  Zergling x22  
  179  19:21  Zergling x12  
  192  19:25  Brood Lord x2  
  196  19:37  Overlord x3  
  192  19:39  Overseer x2  
  192  19:40  Hatchery  
  192  19:43  Extractor  
  192  19:45  Zergling x10  
  185  19:46  Zergling x14  
  196  20:02  Extractor  
  196  20:03  Extractor  
  196  20:06  Lurker Den  
  193  20:09  Spore Crawler  
Show
View Real Time Build Order
Export as new Build Order

Massa Terran 

Build Orders:  

Get SALT Encoding   

  12  0:01  SCV  
  13  0:13  SCV  
  14  0:21  Supply Depot  
  14  0:25  SCV  
  15  0:40  Refinery  
  15  0:42  SCV  
  16  0:45  Barracks  
  16  0:54  SCV  
  17  1:07  SCV  
  18  1:19  SCV  
  19  1:31  SCV  
  19  1:32  Reaper  
  21  1:34  Supply Depot  
  21  1:38  Supply Depot  
  21  1:43  SCV  
  22  1:55  SCV  
  23  2:03  Marine  
  24  2:14  Factory  
  24  2:21  Marine  
  25  2:38  Orbital Command  
  25  2:39  Marine  
  25  2:41  Refinery  
  23  3:08  Marine  
  23  3:12  Factory Reactor  
  24  3:19  Engineering Bay  
  24  3:21  Command Center  
  24  3:25  Barracks  
  24  3:26  Marine  
  23  3:43  Marine  
  24  3:59  Starport  
  24  4:00  Hellion x2  
  28  4:05  Barracks Reactor  
  28  4:11  SCV  
  29  4:18  Barracks Tech Lab  
  29  4:22  Hellion x2  
  29  4:23  SCV  
  34  4:36  Medivac  
  36  4:40  Stimpack  
  36  4:43  Hellion x2  
  36  4:44  SCV  
  41  4:56  SCV, Marine x2  
  44  5:08  SCV  
  44  5:10  Supply Depot  
  44  5:11  Supply Depot  
  44  5:13  Marine x2  
  47  5:20  SCV  
  48  5:32  SCV  
  48  5:34  Widow Mine x2  
  53  5:35  Supply Depot  
  53  5:36  Orbital Command, Supply Depot  
  53  5:44  SCV  
  53  5:47  Viking  
  56  5:56  SCV  
  57  6:05  Hellion x2  
  57  6:08  SCV  
  62  6:21  SCV  
  63  6:27  Hellion x2  
  61  6:54  Hellion x2  
  61  6:56  Liberator  
  61  6:57  SCV x2  
  70  7:07  Command Center  
  70  7:09  SCV x2, Marauder, Marine x2  
  70  7:11  Barracks  
  76  7:16  Hellion x2  
  76  7:21  SCV  
  76  7:22  SCV  
  82  7:30  Marine x2  
  82  7:31  Marauder  
  86  7:47  Missile Turret  
  86  7:50  Missile Turret, Supply Depot x2  
  86  7:52  Missile Turret, Supply Depot  
  86  8:01  Refinery  
  86  8:03  Refinery  
  86  8:04  Missile Turret  
  86  8:11  SCV, Marine x2  
  86  8:12  Marauder  
  91  8:17  Factory Tech Lab  
  91  8:29  Marine x2  
  91  8:33  Marauder  
  81  8:36  Marine  
  81  8:37  Marine  
  83  8:47  SCV, Marine x2  
  83  8:48  SCV  
  87  8:50  Siege Tank  
  87  8:54  Marauder, Marine  
  87  8:55  Marine  
  94  8:59  SCV  
  94  9:00  SCV  
  96  9:05  Marine x2  
  96  9:11  SCV  
  96  9:12  SCV, Marine  
  96  9:16  Marauder  
  101  9:22  Siege Tank  
  104  9:33  Marine  
  104  9:34  Marine x3  
  104  9:36  SCV x2, Orbital Command  
  104  9:37  Marauder  
  112  9:47  Supply Depot  
  112  9:48  SCV x2  
  112  9:51  Marine  
  112  9:52  Marine x3  
  118  9:57  Medivac  
  118  9:59  Marauder  
  119  10:00  SCV x2, Siege Tank  
  124  10:09  Marine x4, Supply Depot  
  124  10:12  SCV  
  129  10:19  Armory  
  129  10:20  Marauder  
  129  10:21  Factory  
  131  10:27  Marine x2, Command Center  
  133  10:30  Marine x2  
  133  10:31  Medivac  
  133  10:34  Supply Depot  
  137  10:37  Supply Depot  
  137  10:40  Supply Depot  
  137  10:41  Marauder  
  139  10:43  Refinery  
  139  10:44  Marine  
  139  10:45  Missile Turret  
  139  10:48  Refinery  
  139  10:49  Marine  
  140  10:51  Missile Turret  
  140  10:56  Marine x2  
  143  11:02  Marine  
  143  11:03  Marauder  
  146  11:07  Marine  
  147  11:13  Marine x2  
  143  11:20  Marine  
  143  11:24  Marauder  
  143  11:25  Marine  
  146  11:31  Marine x2  
  149  11:38  Marine  
  145  11:43  Marine  
  145  11:46  Marauder  
  141  11:49  Marine x2  
  141  11:50  Combat Shield  
  138  11:56  Marine  
  138  12:01  Marine  
  139  12:07  Marauder, Marine x2  
  144  12:14  Marine  
  125  12:25  Marine  
  125  12:28  Marauder  
  105  12:31  Marine  
  99  12:50  Marauder  
  101  13:04  Marine x4  
  105  13:09  Concussive Shells  
  105  13:11  Marauder  
  95  13:21  Marine  
  95  13:22  Marine x3  
  73  13:29  Siege Tank  
  73  13:32  Marauder  
  63  13:54  Marauder  
  48  14:02  Siege Tank  
  46  14:11  Supply Depot  
  46  14:15  Marauder  
  46  14:25  Marine x2  
  46  14:29  Barracks Tech Lab  
  48  14:31  Factory Reactor  
  48  14:33  Orbital Command  
  48  14:34  Siege Tank  
  48  14:37  Starport Tech Lab, Marauder  
  53  14:43  Marine x2  
  53  14:44  Starport  
  55  14:48  Starport  
  55  14:50  Starport, Terran Vehicle Weapons Level 1  
  55  14:51  Terran Infantry Armor Level 1  
  55  14:52  Orbital Command  
  55  14:53  Starport  
  55  14:57  SCV  
  55  14:58  SCV, Marauder  
  59  15:00  Marine  
  59  15:01  Marine  
  59  15:06  Siege Tank  
  64  15:10  SCV x2  
  64  15:11  SCV  
  67  15:19  Marauder  
  69  15:22  SCV x2  
  69  15:23  SCV  
  69  15:27  Starport Tech Lab x2  
  72  15:29  Banshee  
  72  15:34  SCV x2  
  72  15:35  SCV  
  78  15:38  Siege Tank  
  78  15:40  SCV  
  82  15:46  SCV x2  
  82  15:47  SCV  
  85  15:52  SCV  
  85  15:55  Engineering Bay  
  85  15:58  SCV  
  85  16:00  Armory  
  85  16:03  Refinery  
  83  16:06  Refinery  
  83  16:11  Banshee  
  83  16:12  Orbital Command, SCV x3  
  89  16:19  Starport Tech Lab  
  89  16:20  Banshee  
  89  16:21  Banshee  
  89  16:23  Viking  
  89  16:24  SCV  
  89  16:25  Siege Tank  
  101  16:26  Widow Mine x2  
  101  16:32  Missile Turret  
  105  16:36  Missile Turret  
  105  16:40  Missile Turret x3  
  105  16:43  SCV x3  
  108  16:47  Widow Mine  
  108  16:48  Widow Mine  
  108  16:52  Missile Turret  
  108  16:53  Viking  
  114  16:54  Banshee  
  114  16:57  Siege Tank  
  114  17:00  Marauder x2  
  114  17:01  Marine x2  
  124  17:03  Banshee x2  
  132  17:11  Cloaking Field  
  132  17:13  Barracks  
  132  17:14  Missile Turret  
  132  17:19  Marine x2  
  132  17:21  Marauder x2  
  138  17:23  Viking  
  140  17:34  Viking  
  140  17:36  Marine  
  140  17:52  Supply Depot x2  
  140  17:53  Supply Depot  
  140  18:00  Refinery  
  140  18:02  Refinery  
  140  18:04  Supply Depot  
  140  18:07  Supply Depot  
  140  18:14  Marauder x2, Marine x2, Viking x5  
  140  18:18  Supply Depot  
  153  18:21  Supply Depot  
  150  18:28  Supply Depot  
  150  18:30  Supply Depot  
  150  18:32  Marine x2  
  149  18:36  Marauder x2  
  147  18:44  Liberator x3, Viking x2  
  144  18:49  Marine x2  
  144  18:51  Supply Depot  
  124  18:57  Marauder x2  
  118  19:03  Orbital Command  
  118  19:07  Marine  
  112  19:10  Marine  
  112  19:11  Marine  
  106  19:18  Marauder x2  
  106  19:23  SCV  
  106  19:24  SCV x2  
  111  19:25  Marine  
  111  19:28  Marine  
  111  19:29  Marine  
  114  19:35  SCV  
  114  19:36  SCV x2  
  111  19:40  Marauder x2  
  111  19:43  Marine  
  116  19:46  Marine x2  
  116  19:47  SCV x2  
  116  19:48  SCV x2  
  122  19:59  SCV x2  
  124  20:00  SCV x2  
  124  20:01  Marauder x2  
  136  20:11  SCV  
  136  20:12  SCV x3  
  137  20:23  SCV  
  137  20:24  SCV  
Tags
 
League
Platinum
Matchup
TvZ
Replay Pack
Multiplayer
Spawn Locations
Cross Positions
Add a new tag
Caveats
  • Supply blocks, unpowered buildings, or Contaminate may cause inaccurate times.
  • Supply counts are checked every 10 seconds.